 Dungeon Crawl Stone Soup version 0.29.0-4-gdea44cf6ec (webtiles) character file.

Game seed: 5544959624069875650

2 qw the Caller (level 1, -2/14 HPs)
             Began as a Ghoul Summoner on Sept 10, 2022.
             Slain by a kobold
             ... wielding a +0 short sword
              (3 damage)
             ... on level 1 of the Dungeon.
             The game lasted 00:00:03 (127 turns).

qw the Caller (Ghoul Summoner)                       Turns: 127, Time: 00:00:04

Health: -2/14      AC:  2    Str: 11    XL:     1   Next: 30%
Magic:  0/2        EV: 12    Int: 10    God:
Gold:   15         SH:  0    Dex:  9    Spells: 2/3 levels left

rFire   . . .      SeeInvis .   (no weapon)
rCold   + . .      Faith    .   (no shield)
rNeg    + + +      Spirit   .   a - +0 robe
rPois   inf        Reflect  .   (no helmet)
rElec   .          Harm     .   (no cloak)
rCorr   .          Rampage  .   (no gloves)
Will    .....                   (no boots)
Stlth   ++........              (no amulet)
HPRegen 0.00/turn               (no ring)
MPRegen 0.08/turn               (no ring)

@: inhibited regen
A: claws 1, cold resistance 1, negative energy resistance 3, inhibited
regeneration, torment resistance 2, devour on kill
a: no special abilities


You were on level 1 of the Dungeon.
You visited 1 branch of the dungeon, and saw 1 of its levels.

You collected 15 gold pieces.


Innate Abilities, Weirdness & Mutations

You are immune to poison.
You have sharp fingernails.
Your flesh is cold resistant. (rC+)
You are immune to negative energy. (rN+++)
You do not regenerate when monsters are visible.
You are immune to unholy pain and torment.
You thrive by killing the living.


   Skills:
 + Level 0.5 Axes
 - Level 1.7 Dodging
 - Level 2.1 Stealth
 - Level 1.7 Spellcasting
 - Level 3.6 Summonings


You had 2 spell levels left.
You knew the following spells:

 Your Spells              Type           Power      Damage    Failure   Level
a - Summon Small Mammal   Summ           32%        N/A       8%          1

Your spell library contained the following spells:

 Spells                   Type           Power      Damage    Failure   Level
 Call Imp                 Summ           8%         N/A       11%         2
 Call Canine Familiar     Summ           8%         N/A       22%         3
 Summon Guardian Golem    Hex/Summ       4%         N/A       43%         3
 Summon Lightning Spire   Summ/Air       4%         N/A       83%         4

Inventory:

Armour
 a - a +0 robe (worn)
Potions
 b - a potion of magic

Dungeon Overview and Level Annotations

Branches:
Dungeon (1/15)

Altars:


Message History

Casting: Summon Small Mammal (safe; 8% risk of failure)
Confirm with . or Enter, or press ? or * to list all spells.
The bat barely misses you.
121 ||| CASTING Summon Small Mammal
Casting: Summon Small Mammal (safe; 8% risk of failure)
Confirm with . or Enter, or press ? or * to list all spells.
Your bat hits the bat but does no damage.
The bat closely misses you.
Your bat barely misses the bat.
You barely miss the bat.
The kobold shouts!
Your bat misses the bat. The bat barely misses you.
Your rat bites the bat but does no damage.
You completely miss the bat. The bat hits you.
Your bat hits the bat but does no damage.
The dart slug launches a dart at you. The slug dart hits you.
Your rat bites the bat.
A bat comes into view.
A quokka comes into view.
The bat hits you.
Your bat closely misses the bat.
A bat comes into view.
Your rat barely misses the bat.
The bat misses you. The dart slug launches a dart at you.
The slug dart hits you.
Your bat misses the bat. You scratch the bat.
The bat is severely wounded.
Your bat misses the bat. The bat barely misses you. The bat closely misses you.
The bat barely misses your rat.
The kobold hits you with a +0 short sword.
The bat barely misses you.
Your rat closely misses the bat.
You barely miss the bat.
The bat is severely wounded.
The bat misses you.
Your bat closely misses the bat.
The bat barely misses you. The bat hits you but does no damage.
The bat barely misses your bat.
Your bat barely misses the bat.
Your bat closely misses the bat.
The bat hits you but does no damage.
Your rat bites the bat.
The bat dies!
The kobold hits you with a +0 short sword.
You die...

.....#........#... .
................ .#
...##.###......# ...
...).....%.....#####...
#####..##.............
#####77...##.....##.....
<...#7....7##...b.w.....
....#7....7 #....K.!....
#...#7....7 #..b@b......
#'#.#..##'# #...r.......
#<#.#..#..# #........)..
###'#..#..# #..?.##...##
......7#..# #.#### ####
~...|.7#++# .. ~.#####
#r. ~## #. ~


You could see a dart slug, a quokka (asleep), 2 bats, a kobold, a friendly bat
(summoned) and a friendly rat (summoned).

Vanquished Creatures (collateral kills)
  An endoplasm (D:1)
  2 bats (D:1)
3 creatures vanquished.

Notes
Turn   | Place    | Note
-------+----------+-------------------------------------------
     0 | D:1      | qw the Ghoul Summoner began the quest for the Orb.
     0 | D:1      | Reached XP level 1. HP: 14/14 MP: 2/2
     0 | D:1      | 0 ||| qw: Version: 0.1-a-116-g5d60599
     0 | D:1      | 0 ||| qw: Game counter: 7471
     0 | D:1      | 0 ||| qw: Always use a shield: true
     0 | D:1      | 0 ||| qw: God list: Okawaru
     0 | D:1      | 0 ||| qw: Allow faded altars: false
     0 | D:1      | 0 ||| qw: Do Orc after D:15 true
     0 | D:1      | 0 ||| qw: Do second Lair branch before Depths: true
     0 | D:1      | 0 ||| qw: Lair rune preference: random
     0 | D:1      | 0 ||| qw: Plans: Normal
     0 | D:1      | 0 ||| PLANNING D:1-11
    27 | D:1      | 27 ||| CASTING Summon Small Mammal
    28 | D:1      | 28 ||| CASTING Summon Small Mammal
    67 | D:1      | 67 ||| CASTING Summon Small Mammal
    68 | D:1      | 68 ||| CASTING Summon Small Mammal
   119 | D:1      | 119 ||| Stepping ~*~*~tactically~*~*~ (hiding).
   120 | D:1      | 120 ||| CASTING Summon Small Mammal
   121 | D:1      | 121 ||| CASTING Summon Small Mammal
   125 | D:1      | HP: 3/14 [dart slug/slug dart (4)]
   126 | D:1      | HP: 1/14 [kobold/+0 short sword (2)]
   127 | D:1      | Slain by a kobold

Levels and vault maps discovered:
D:1:      sevenhm_arrival_forest_fort_small_5, layout_rooms,
          grunt_decor_junction

Action                   || total
-------------------------++-------
Melee: Unarmed           ||     7
 Cast: Summon Small Mamm ||     6
Armor: Robe              ||     2
Dodge: Dodged            ||    11

Table legend:
 A = Non-vault XP
 B = Vault XP
 C = Vault XP percentage of total XP
 D = Non-vault monster count
 E = Vault monster count
 F = Vault count percentage of total count
                 A         B        C        D         E       F
            +---------+---------+-------+---------+---------+-------
      Total |       5 |       0 |   0.0 |       3 |       0 |   0.0
            +---------+---------+-------+---------+---------+-------
        D:1 |       5 |       0 |   0.0 |       3 |       0 |   0.0
            +---------+---------+-------+---------+---------+-------
